 Dungeon Crawl Stone Soup version 0.29.1-15-g9cfb28693d (webtiles) character file.

Game seed: 3480353296164443512

25 javelincjr the Ducker (level 3, 0/20 HPs)
             Began as a Tengu Arcane Marksman on May 1, 2023.
             Slain by an adder (1 damage)
             ... on level 2 of the Dungeon.
             The game lasted 00:03:56 (1320 turns).

javelincjr the Ducker (Tengu Arcane Marksman)       Turns: 1320, Time: 00:03:56

Health: 0/20       AC:  2    Str: 10    XL:     3   Next: 4%
Magic:  6/6        EV: 12    Int: 13    God:
Gold:   64         SH:  0    Dex: 16    Spells: 3/4 levels left

rFire   . . .      SeeInvis .   a - +1 sling
rCold   . . .      Faith    .   (no shield)
rNeg    . . .      Spirit   .   c - +0 robe
rPois   .          Reflect  .   (helmet restricted)
rElec   .          Harm     .   (no cloak)
rCorr   .          Rampage  .   (no gloves)
Will    .....                   (boots unavailable)
Stlth   +.........              (no amulet)
HPRegen 0.06/turn               (no ring)
MPRegen 0.10/turn               (no ring)

@: lethally poisoned (0 -> -5)
A: beak, talons 3
a: no special abilities


You were on level 2 of the Dungeon.
You visited 1 branch of the dungeon, and saw 2 of its levels.

You collected 64 gold pieces.

Inventory:

Hand Weapons
 a - a +1 sling (weapon)
Armour
 c - a +0 robe (worn)
 i - a +0 helmet
Scrolls
 b - a scroll of poison
 d - a scroll of teleportation {unknown}
 g - a scroll of enchant armour {unknown}
Potions
 e - a potion of lignification {unknown}
 f - a potion of invisibility {unknown}
 h - a potion of haste {unknown}


   Skills:
 + Level 1.4 Fighting
 + Level 2.5 Ranged Weapons
 + Level 2.5 Dodging
 + Level 1.4 Spellcasting
 + Level 2.3 Hexes


You had 3 spell levels left.
You knew the following spells:

 Your Spells              Type           Power      Damage    Failure   Level
a - Slow                  Hex            28%        N/A       11%         1

Your spell library contained the following spells:

 Spells                   Type           Power      Damage    Failure   Level
 Inner Flame              Hex/Fire       4%         N/A       45%         3
 Portal Projectile        Hex/Tloc       8%         N/A       45%         3
 Cause Fear               Hex            3%         N/A       71%         4


Dungeon Overview and Level Annotations

Branches:
Dungeon (2/15)

Altars:

Annotations:
D:1 1 runed translucent door


Innate Abilities, Weirdness & Mutations

You have a beak for a mouth.
You have claws for feet.


Message History

An adder is nearby!
A ball python comes into view.
The adder hisses angrily.
You shoot a sling bullet. The sling bullet misses the adder.
The adder barely misses you.
You shoot a sling bullet. The sling bullet misses the adder.
The adder misses you. The ball python bites you.
The ball python closely misses you.
You shoot a sling bullet. The sling bullet misses the adder.
The adder barely misses you. The ball python barely misses you. x2
The adder bites you.
You are poisoned.
The adder poisons you! The ball python misses you. The ball python grabs you.
The ball python constricts you.
You shoot a sling bullet.
The sling bullet hits the ball python but does no damage.
You feel sick. The adder bites you.
You are lethally poisoned!
The adder poisons you! The ball python bites you.
The ball python constricts you. The adder barely misses you.
You are too injured to fight recklessly!
You are too injured to fight recklessly!
You are too injured to fight recklessly!
Fire: a) +1 sling
Press: ? - help, Q - select action, (/) - cycle Shift-Dir - straight line, f/p - ball python
Aim: a ball python (constricting you, 55% to hit)
You shoot a sling bullet. The sling bullet hits the ball python.
You kill the ball python!
* * * LOW HITPOINT WARNING * * *
You feel very sick. The adder closely misses you.
Fire: a) +1 sling
Press: ? - help, Q - select action, (/) - cycle Shift-Dir - straight line, f - adder
Aim: an adder (40% to hit)
You shoot a sling bullet. The sling bullet hits the adder.
The adder is heavily wounded.
* * * LOW HITPOINT WARNING * * *
You feel very sick. The adder barely misses you. The adder bites you.
You die...

.### # # ....## .#.#
..#...#####.#.##
###....?...#......#
#...###......#....
##.#.#$#.#......... #
....#.#...@..#
#.#........S#..# ##..
...##.##.....#
#...###†#...#.###...#
#.#.#[....[...).#.#.#
#...###.#...#.###.....
#.....##.##... .###.#
##.#)......).#.## .#
#.....#.#.... # #


You could see an adder.

Vanquished Creatures
  6 ball pythons
  4 endoplasms
  A goblin (D:2)
  A hobgoblin (D:2)
  A quokka (D:1)
  2 bats
  4 frilled lizards
  3 kobolds
  3 rats
25 creatures vanquished.

Notes
Turn   | Place    | Note
-------+----------+-------------------------------------------
     0 | D:1      | javelincjr the Tengu Arcane Marksman began the quest for
                  | the Orb.
     0 | D:1      | Reached XP level 1. HP: 12/12 MP: 3/3
     0 | D:1      | Noticed a jelly
     0 | D:1      | Noticed a jelly
     1 | D:1      | Found a runed translucent door.
     2 | D:1      | Noticed a jelly
   538 | D:1      | Reached XP level 2. HP: 15/16 MP: 4/4
  1292 | D:2      | Reached XP level 3. HP: 20/20 MP: 6/6
  1320 | D:2      | HP: 1/20 [poisoned by an adder]
  1320 | D:2      | Slain by an adder

Illustrated notes

Levels and vault maps discovered:
D:1:      dpeg_arrival_caged_fury, layout_basic
D:2:      layout_loops_corners, minmay_fractal_squares_5

Action                   || total
-------------------------++-------
 Fire: Sling             ||    68
 Cast: Slow              ||    10
Armor: Robe              ||     2
Dodge: Dodged            ||    25
